 Dungeon Crawl Stone Soup version 0.27.1-34-g3ba077fa99 (webtiles) character file.

Game seed: 6859160917654092073

20761 comborobin the Grappler (level 12, -1/115 HPs)
             Began as a Troll Delver on Jan 8, 2022.
             Was a High Priest of Cheibriados.
             Slain by a brown ugly thing (13 damage)
             ... on level 13 of the Dungeon.
             The game lasted 00:12:29 (11227 turns).

comborobin the Grappler (Troll Delver)             Turns: 11227, Time: 00:12:29

Health: -1/115     AC:  4    Str: 40    XL:     12   Next: 48%
Magic:  14/14      EV: 13    Int: 23    God:    Cheibriados [*****.]
Gold:   486        SH: 14    Dex: 31    Spells: 9/11 levels left

rFire    . . .     SeeInvis +     - Unarmed
rCold    . . .     Faith    .   K - +0 kite shield
rNeg     . . .     Spirit   .   i - +0 troll leather armour
rPois    .         Reflect  .   l - +1 hat
rElec    .         Harm     .   v - +0 cloak
rCorr    .         Rampage  .   (gloves unavailable)
Will     .....                  (boots unavailable)
Stlth    +++.......             u - amulet of magic regeneration
HPRegen  2.29/turn              w - ring of see invisible
MPRegen  0.39/turn              I - +6 ring of dexterity

@: weak-willed, corroded, very slow
A: large, unfitting armour, claws 3, regeneration 1, shaggy fur 1, tough skin 1,
sense surroundings 1, strong 1, subdued magic 1
a: Renounce Religion, Bend Time, Temporal Distortion, Slouch, Step From Time


You were on level 13 of the Dungeon.
You worshipped Cheibriados.
Cheibriados was extremely pleased with you.
You visited 1 branch of the dungeon, and saw 13 of its levels.
You also visited: Ossuary.

You collected 622 gold pieces.
You spent 136 gold pieces at shops.

Inventory:

Hand Weapons
 o - a +1 hand axe of flaming
 q - a +8 club
Missiles
 d - 13 large rocks
 E - 4 throwing nets (quivered)
Armour
 a - a +0 robe
 i - a +0 troll leather armour (worn)
 l - a +1 hat (worn)
 v - a +0 cloak (worn)
 K - a +0 kite shield (worn)
Jewellery
 u - an amulet of magic regeneration (around neck)
 w - a ring of see invisible (left claw)
 H - a ring of flight
 I - a +6 ring of dexterity (right claw)
 M - an amulet of faith
Wands
 f - a wand of digging (3)
 j - a wand of iceblast (31)
 y - a wand of polymorph (12)
 N - a wand of flame (3)
Scrolls
 b - 2 scrolls of fog
 c - a scroll of holy word
 g - a scroll of vulnerability
 n - 2 scrolls of enchant weapon
 p - 11 scrolls of identify {unknown}
 r - a scroll of blinking {unknown}
 s - 7 scrolls of teleportation {unknown}
 B - a scroll of brand weapon {unknown}
 D - 2 scrolls of noise {unknown}
 F - a scroll of immolation {unknown}
 J - a scroll of silence {unknown}
 O - a scroll of amnesia {unknown}
 P - a scroll of summoning {unknown}
Potions
 e - 2 potions of brilliance
 h - a potion of curing
 k - a potion of flight
 t - 5 potions of degeneration
 z - 2 potions of lignification {unknown}
 A - 2 potions of heal wounds {unknown}
 C - a potion of cancellation {unknown}
 G - 4 potions of attraction
 L - 2 potions of mutation


   Skills:
 + Level 6.4 Fighting
 * Level 4.0 Throwing
 + Level 4.7 Dodging
 - Level 2.7 Stealth
 + Level 6.4 Shields
 * Level 14.8 Unarmed Combat
 + Level 2.5 Translocations
 - Level 5.0 Invocations


You had 9 spell levels left.
You knew the following spells:

 Your Spells              Type           Power      Damage    Failure   Level
b - Blink                 Tloc           N/A        N/A       13%         2

Your spell library contained the following spells:

 Spells                   Type           Power      Damage    Failure   Level
 Olgreb's Toxic Radiance  Pois           0%         N/A       95%         4
 Summon Forest            Summ/Tloc      2%         N/A       99%         5
 Summon Mana Viper        Hex/Summ       0%         N/A       100%        5
 Shadow Creatures         Summ           N/A        N/A       100%        6
 Ozocubu's Refrigeration  Ice            0%         4d5       100%        7
 Ignition                 Fire           0%         3d3       100%        8


Dungeon Overview and Level Annotations

Branches:
Dungeon (13/15)            Temple (0/1) D:7            Lair (0/6) D:11
    Orc (0/2) D:11        Ossuary (visited)
 Vaults: D:13-14

Altars:
Cheibriados
Hepliaklqana
Nemelex Xobeh
Okawaru
Qazlal

Shops:
D:1 (   D:6 (   D:9 ?   D:11 (*

Annotations:
D:8 2 runed translucent doors, Flarelocke's ghost, novice TrMo


Innate Abilities, Weirdness & Mutations

You are too large for most types of armour.
You have claws for hands.
Your natural rate of healing is unusually fast.
You are covered in fur. (AC +1)
You have tough skin. (AC +1)
You passively map a small area around you.
Your muscles are strong. (Str +2)
Your spells are a little easier to cast, but a little less powerful.


Message History

You are splashed with acid!
Unknown command.
The helpless fire dragon fails to defend itself.
You claw the fire dragon!
The fire dragon is almost dead.
You block the gargoyle's attack.
The brown ugly thing closely misses you.
Unknown command.
The helpless fire dragon fails to defend itself.
You mangle the fire dragon!!
You kill the fire dragon!
The gargoyle hurls a stone arrow at you.
The stone arrow misses you.
Your Throwing skill increases to level 4!
Unknown command.
You feel better.
You block the brown ugly thing's attack.
The gargoyle hurls a stone arrow at you.
The stone arrow hits you!!
* * * LOW HITPOINT WARNING * * *
Okay, then.
As you read the scroll labelled HARATI AMUP, it crumbles to dust.
You speak a Word of immense power!
It was a scroll of holy word.
The brown ugly thing bites you!
* * * LOW HITPOINT WARNING * * *
You are splashed with acid!
* * * LOW HITPOINT WARNING * * *
The cyclops hits you.
* * * LOW HITPOINT WARNING * * *
The gargoyle hurls a stone arrow at you.
The stone arrow misses you.
Okay, then.
You fail to use your ability.
The brown ugly thing bites you but does no damage.
You block the cyclops's attack. The gargoyle barely misses you.
You fail to use your ability.
The brown ugly thing bites you but does no damage.
The gargoyle misses you.
You fail to use your ability.
The brown ugly thing bites you!
You die...

### ###### * ##.. , ,
#..... * ###..###*,, ###
#..... *
*,....#./#++#(.####.....
, ,
#..#!#....#!#........ ,
*#..##9.....#####..... *
#...@u.....+ #..... *
#...'C.....+, #.....
##.##......# #.....
##.#(#....#=# ###.##
#..#.$#++#!.# #.# * *
##.#####..# ## #.# *
#.......# #.# ,
,#...#.##### #.# ,
#.#.#.....###### #.#


You could see a brown ugly thing (weak-willed), a cyclops (weak-willed) and a
gargoyle (weak-willed).

Vanquished Creatures
  A fire dragon (D:13)
  Harold (D:8)
  A hydra (D:12)
  3 two-headed ogres
  2 centaur warriors
  2 deep elf pyromancers (D:13)
  7 slime creatures
  An ugly thing (D:9)
  2 manticores
  3 cyclopes
  Psyche (D:8)
  A kobold demonologist (D:12)
  2 trolls
  A water elemental (D:12)
  3 wraiths
  19 yaks
  3 wyverns
  A vampire (D:13)
  2 basilisks (D:12)
  2 acid dragons (D:10)
  4 water moccasins
  9 ice beasts
  A black bear (D:5)
  2 ogres
  6 orc warriors
  A necrophage (D:5)
  4 wolves (D:11)
  7 centaurs
  2 kobold brigands
  2 scorpions
  3 bullfrogs
  A gnoll sergeant (D:11)
  8 wights
  7 electric eels
  A howler monkey (D:9)
  3 centaur zombies
  2 jellies
  A human zombie (Ossuary)
  4 orc priests
  A gnoll shaman (D:5)
  6 hounds
  2 bullfrog skeletons
  A centaur skeleton (D:5)
  Jessica (D:3)
  2 iguanas
  Ijyb (D:3)
  7 orc wizards
  3 hound zombies (Ossuary)
  2 howler monkey zombies
  4 mummies (Ossuary)
  13 gnolls
  7 adders
  A white imp (D:6)
  3 worms
  3 dart slugs
  36 orcs
  10 endoplasms
  5 giant cockroaches
  A gnoll zombie (Ossuary)
  9 hobgoblins
  3 jackals (D:4)
  6 quokkas
  14 ball pythons
  4 bats (D:2)
  5 frilled lizards
  9 goblins
  A hobgoblin zombie (Ossuary)
  A jackal zombie (Ossuary)
  12 kobolds
  2 kobold zombies (Ossuary)
  3 orc zombies (Ossuary)
  5 rats
309 creatures vanquished.

Vanquished Creatures (others)
  A frilled lizard (D:3)
  42 plants (D:5)
43 creatures vanquished.

Grand Total: 352 creatures vanquished

Notes
Turn   | Place    | Note
-------+----------+-------------------------------------------
     0 | D:5      | comborobin the Troll Delver began the quest for the Orb.
     0 | D:5      | Reached XP level 1. HP: 22/22 MP: 0/0
    24 | D:5      | Reached XP level 2. HP: 21/29 MP: 1/1
    35 | D:5      | Reached skill level 3 in Unarmed Combat
    38 | D:5      | Reached XP level 3. HP: 34/36 MP: 2/2
    64 | D:4      | Reached skill level 4 in Unarmed Combat
    64 | D:4      | Reached XP level 4. HP: 44/44 MP: 3/3
   271 | D:4      | Found a snail-covered altar of Cheibriados.
   283 | D:4      | Became a worshipper of Cheibriados the Contemplative
   440 | D:3      | Reached skill level 5 in Unarmed Combat
   440 | D:3      | Reached XP level 5. HP: 39/50 MP: 4/4
   585 | D:3      | Noticed Ijyb
   594 | D:3      | Killed Ijyb
   750 | D:3      | Found a sparkling altar of Nemelex Xobeh.
   832 | D:3      | Reached * piety under Cheibriados
   859 | D:3      | Noticed Jessica
   868 | D:3      | Killed Jessica
   889 | D:3      | Got Jessica's Volume of Translocation
  1105 | D:2      | You fall into a shaft and drop 1 floor!
  1142 | D:2      | Reached skill level 1 in Invocations
  1187 | D:2      | Reached skill level 6 in Unarmed Combat
  1432 | D:2      | Reached XP level 6. HP: 59/59 MP: 5/5
  1555 | D:2      | Reached ** piety under Cheibriados
  2152 | D:1      | Found Ineaff's Antique Weapon Shop.
  2535 | D:1      | Found a faded altar of an unknown god.
  3247 | D:4      | Reached XP level 7. HP: 56/67 MP: 7/7
  3452 | D:4      | Reached *** piety under Cheibriados
  3595 | D:5      | Reached skill level 7 in Unarmed Combat
  3995 | D:5      | Reached XP level 8. HP: 74/78 MP: 9/9
  4113 | D:6      | Found Yqyeqiyse's Weapon Shoppe.
  4213 | D:6      | Reached skill level 8 in Unarmed Combat
  4535 | D:6      | Gained mutation: You passively map a small area around you.
                  | [potion of mutation]
  4535 | D:6      | Gained mutation: Your spells are a little easier to cast,
                  | but a little less powerful. [potion of mutation]
  4535 | D:6      | Gained mutation: Your muscles are strong. (Str +2) [potion
                  | of mutation]
  4697 | D:6      | Noticed a troll
  4701 | D:6      | Killed a troll
  4702 | D:6      | Reached skill level 9 in Unarmed Combat
  5019 | D:6      | Reached skill level 5 in Fighting
  5019 | D:6      | Reached XP level 9. HP: 88/88 MP: 11/11
  5036 | D:6      | Reached **** piety under Cheibriados
  5495 | D:7      | Found a staircase to the Ecumenical Temple.
  5724 | D:7      | Reached skill level 10 in Unarmed Combat
  6047 | D:8      | Found an iron altar of Okawaru.
  6088 | D:8      | Learned a level 2 spell: Blink
  6098 | D:8      | Found a large runed translucent door.
  6120 | D:8      | Found a large runed translucent door.
  6243 | D:8      | Reached skill level 11 in Unarmed Combat
  6286 | D:8      | Noticed a two-headed ogre
  6289 | D:8      | Killed a two-headed ogre
  6345 | D:8      | Found a sand-covered staircase.
  6350 | D:8      | Noticed Harold
  6353 | Ossuary  | Entered an ossuary
  6365 | Ossuary  | Reached XP level 10. HP: 95/96 MP: 12/12
  6533 | D:8      | Killed Harold
  6534 | D:8      | Reached skill level 12 in Unarmed Combat
  6626 | D:8      | Noticed Psyche
  6635 | D:8      | Killed Psyche
  6688 | D:8      | Found a stormy altar of Qazlal.
  6688 | D:8      | Found a hazy altar of Hepliaklqana.
  6822 | D:8      | Noticed Flarelocke's ghost (novice TrMo)
  7074 | D:9      | Found Anegg's Magic Scroll Shoppe.
  7097 | D:9      | Reached ***** piety under Cheibriados
  7205 | D:9      | Noticed a red ugly thing
  7213 | D:9      | Killed a red ugly thing
  7260 | D:9      | Reached skill level 13 in Unarmed Combat
  7790 | D:10     | Entered Level 10 of the Dungeon
  7813 | D:10     | Noticed a two-headed ogre
  7821 | D:10     | Killed a two-headed ogre
  7901 | D:10     | Noticed a two-headed ogre
  7906 | D:10     | Killed a two-headed ogre
  7932 | D:10     | Reached skill level 14 in Unarmed Combat
  7932 | D:10     | Reached XP level 11. HP: 77/104 MP: 13/13
  8379 | D:10     | Reached skill level 1 in Shields
  8764 | D:11     | Found a staircase to the Lair.
  8928 | D:11     | Found Touroibiva's General Store.
  8932 | D:11     | Found Resuwn's Antique Weapon Shop.
  8994 | D:11     | Bought a potion of mutation for 136 gold pieces
  9109 | D:11     | Reached skill level 5 in Shields
  9272 | D:11     | Found a staircase to the Orcish Mines.
  9449 | D:11     | Noticed a centaur warrior
  9462 | D:11     | Killed a centaur warrior
  9995 | D:12     | Noticed a six-headed hydra
 10011 | D:12     | Killed a one-headed hydra
 10012 | D:12     | Reached skill level 1 in Translocations
 10014 | D:12     | Reached skill level 1 in Throwing
 10219 | D:12     | Reached skill level 5 in Invocations
 10278 | D:12     | Reached XP level 12. HP: 79/114 MP: 14/14
 10485 | D:12     | You fall into a shaft and drop 1 floor!
 11054 | D:13     | Noticed a centaur warrior
 11060 | D:13     | Killed a centaur warrior
 11213 | D:13     | Noticed a fire dragon
 11222 | D:13     | Killed a fire dragon
 11224 | D:13     | HP: 5/115 [cyclops (4)]
 11227 | D:13     | Slain by a brown ugly thing

Illustrated notes

Levels and vault maps discovered:
D:1:      minmay_arrival_four_houses, layout_basic,
          dreamdust_ecumenical_altar_hidden_monk_grotto, serial_shops,
          nicolae_square_shop
D:2:      layout_basic, kennysheep_crisscross
D:3:      layout_rooms, nemelex_diamond_rough_becter, kennysheep_jessica_study,
          uniq_ijyb
D:4:      minmay_diamond_boxcup, layout_rooms, slow_altar_2, dk_vineyard_1,
          minivault_14, minmay_misc_feat_chi, minmay_misc_feat_hallway
D:5:      layout_rooms, serial_bayou, serial_bayou_lagoon_b,
          serial_bayou_crossing, serial_bayou_pond_c, serial_bayou_lagoon_a,
          serial_bayou_pond_d, serial_bayou_shore_b
D:6:      layout_loops_corners, serial_shops, nicolae_diamond_shop,
          grunt_decor_cap, amcnicky_mini_rare_corridor_liquid
D:7:      layout_loops_ring, minmay_temple_entry_junction
D:8:      layout_basic, gammafunk_temple_overflow_wave, kennysheep_little_box,
          ebering_ghost_disaster_area, nicolae_ossuary_entry_monument,
          uniq_psyche, uniq_harold
D:9:      layout_long_grid, serial_shops, nicolae_take_the_stairs
D:10:     layout_gridville
D:11:     layout_grid_maze, erik_lair_island, hiddenorc1_lemuel,
          nicolae_wooded_promenade
D:12:     minmay_twisted_water, layout_basic, serial_glass, glass_columns_c,
          glass_columns_a, glass_columns_b, glass_columns_a
D:13:     layout_roguey, lightli_fourway_metalbox

Skill      XL: |  1  2  3  4  5  6  7  8  9 10 11 12 |
---------------+-------------------------------------+-----
Unarmed Combat | 3 4 5 6 7 9 11 14 | 14.8
Invocations    | 1 2 3 4 5 |  5.0
Fighting       | 3 4 5 6 |  6.4
Dodging        | 2 3 4 |  4.7
Shields        | 6 |  6.4
Translocations | 1 2 |  2.5
Throwing       | 2 4 |  4.0
Stealth        | |  2.7

Action                   |  1- 3 |  4- 6 |  7- 9 | 10-12 || total
-------------------------+-------+-------+-------+-------++-------
Melee: Unarmed           |    20 |   219 |   178 |   353 ||   770
       Punch             |     1 |     6 |    14 |    11 ||    32
       Hand axe          |       |       |       |     9 ||     9
Throw: Throwing net      |       |       |       |     1 ||     1
Invok: Temporal Distorti |       |       |       |     2 ||     2
       Slouch            |       |       |       |     2 ||     2
       Bend Time         |       |       |       |     1 ||     1
Evoke: Wand              |       |       |       |    18 ||    18
  Use: Scroll            |       |     1 |     1 |     8 ||    10
       Potion            |       |       |     7 |     8 ||    15
 Stab: Sleeping          |       |    20 |    10 |     2 ||    32
       Distracted        |       |     4 |     1 |     1 ||     6
       Held in net/web   |       |       |       |     2 ||     2
       Paralysed         |       |       |       |     5 ||     5
Armor: Robe              |    14 |    92 |    33 |       ||   139
       Troll leather arm |       |       |    38 |   100 ||   138
Dodge: Dodged            |    13 |   167 |   111 |   187 ||   478
Block: Kite shield       |       |       |       |   209 ||   209
